 Dungeon Crawl Stone Soup version 0.30-a0-600-gb7c8574cbb (webtiles) character file.

Game seed: 8893274080134631393

953 Grim the Destroyer (level 7, -6/36 HPs)
             Began as a Deep Elf Conjurer on Jan 7, 2023.
             Mangled by Duvessa
             ... wielding a +0 short sword
              (12 damage)
             ... on level 4 of the Dungeon.
             The game lasted 00:17:02 (5851 turns).

Grim the Destroyer (Deep Elf Conjurer)              Turns: 5851, Time: 00:17:03

Health: -6/36      AC:  8    Str:  6    XL:     7   Next: 90%
Magic:  7/13       EV: 12    Int: 23    God:
Gold:   187        SH:  0    Dex: 13    Spells: 2/12 levels left

rFire   + . .      SeeInvis .    o - +0 short sword (speed)
rCold   . . .      Faith    .    (no shield)
rNeg    . . .      Spirit   .    a - +0 robe
rPois   .          Reflect  .    f - +0 helmet
rElec   .          Harm     .    (no cloak)
rCorr   .          Rampage  .    i - +0 pair of gloves
Will    .....                    (no boots)
Stlth   ++                       (no amulet)
HPRegen 0.26/turn                p - +4 ring of protection
MPRegen 0.13/turn                d - ring of protection from fire

@: no status effects
A: no striking features
a: no special abilities


You were on level 4 of the Dungeon.
You visited 1 branch of the dungeon, and saw 4 of its levels.
You also visited: Ossuary.

You collected 187 gold pieces.

Inventory:

Hand Weapons
 j - a +1 hand axe of flaming
 o - a +0 short sword of speed (weapon)
Armour
 a - a +0 robe (worn)
 f - a +0 helmet (worn)
 i - a +0 pair of gloves (worn)
Jewellery
 d - a ring of protection from fire (right hand)
 p - a +4 ring of protection (left hand)
Scrolls
 c - 4 scrolls of identify {unknown}
 k - a scroll of vulnerability {unknown}
 m - a scroll of silence {unknown}
 n - a scroll of teleportation {unknown}
Potions
 b - a potion of might {unknown}
 e - 2 potions of curing {unknown}
 g - 3 potions of haste
 h - a potion of mutation {unknown}
 l - 2 potions of heal wounds {unknown}


   Skills:
 + Level 2.5 Dodging
 - Level 2.4 Stealth
 - Level 3.0 Spellcasting
 * Level 8.5 Conjurations
 * Level 7.9 Hexes


You had 2 spell levels left.
You knew the following spells:

 Your Spells              Type           Power      Damage    Failure   Level
a - Magic Dart            Conj           100%       1d8       1%          1
b - Searing Ray           Conj           84%        2d7       1%          2
c - Fulminant Prism       Conj/Hex       20%        3d12      3%          4
d - Dazzling Flash        Conj/Hex       82%        N/A       1%          3

Your spell library contained the following spells:

 Spells                   Type           Power      Damage    Failure   Level
 Summon Small Mammal      Summ           12%        N/A       12%         1
 Summon Guardian Golem    Hex/Summ       21%        N/A       7%          3
 Iskenderun's Mystic Bla  Conj/Tloc      23%        2d6       21%         4
 Call Canine Familiar     Summ           3%         N/A       34%         3
 Gell's Gravitas          Tloc           3%         N/A       34%         3
 Teleport Other           Tloc           3%         N/A       34%         3
 Dispersal                Tloc           1%         N/A       100%        6
 Borgnjor's Revivificati  Necr           1%         N/A       100%        8
 Necromutation            Tmut/Necr      1%         N/A       100%        8
 Chain Lightning          Conj/Air       11%        3d15      100%        9
 Death's Door             Necr           1%         N/A       100%        9
 Fire Storm               Conj/Fire      11%        8d3       100%        9
 Shatter                  Erth           1%         3d6*      100%        9


Dungeon Overview and Level Annotations

Branches:
Dungeon (4/15)            Ossuary (visited)
 Temple: D:4-7

Altars:
Fedhas
Gozag
Hepliaklqana
Qazlal

Annotations:
D:4 Duvessa


Message History

You kill Dowan!
Duvessa weeps, and shakes her weapon.
Duvessa goes berserk!
You hear a shout! x3
Casting: Fulminant Prism (quite dangerous; 3% risk of failure)
Confirm with . or Enter, or press ? or * to list all spells.
Casting: Dazzling Flash (safe; 1% risk of failure)
Press: ? - help, Dir - look around, f - activate You feel yourself speed up.
Duvessa rages.
Duvessa closely misses you.
Duvessa hits you with a +0 short sword!!
Ouch! That really hurt!
* * * LOW HITPOINT WARNING * * *
Duvessa rages.
Duvessa rages.
Duvessa rages.
A gnoll comes into view. It is wielding a +0 spear.
The gnoll shouts!
A gnoll comes into view. It is wielding a +0 whip.
A gnoll comes into view. It is wielding a +0 spear.
You hear an angry growl.
Duvessa attacks as you move away! Duvessa hits you with a +0 short sword!
* * * LOW HITPOINT WARNING * * *
Found 9 gold pieces.
An ogre comes into view. It is wielding a +0 giant club.
The ogre shouts!
There is an escape hatch in the ceiling here.
Casting: Dazzling Flash (safe; 1% risk of failure)
Confirm with . or Enter, or press ? or * to list all spells.
Okay, then.
Duvessa rages.
You hear a shout!
You hear a shout!
Your extra speed is starting to run out.
You feel yourself slow down. Duvessa attacks as you move away!
Duvessa hits you with a +0 short sword!
* * * LOW HITPOINT WARNING * * *
Duvessa hits you with a +0 short sword!
You die...

##.##.....## ##.........# #.
#.....###.###. #......##.##..
....... ##......#..... ..#.....
#...#.....##.. .......#
##..##...###.###.gg...#
###........#..<.........
#.#...e@..###..<..g.....
##.......#..#).........#
#.#########............#.
##.#.#.#.#.#......#.......
##..#'#'#'#'#...#####..#.##
#...#.'...'.#..#.##...## #
##..###...###.........##.##
##[.#.'...'.#...#..........
#######...###'#'###...##.........


You could see Duvessa (berserk).

Vanquished Creatures
  4 elf zombies
  2 elf skeletons (D:4)
  Dowan (D:4)
  A centaur zombie (Ossuary)
  5 human zombies
  A human skeleton (D:4)
  An orc wizard (D:3)
  A hound zombie (Ossuary)
  3 mummies (Ossuary)
  3 gnolls (D:3)
  3 adders
  An ufetubus (D:3)
  4 adder zombies (Ossuary)
  5 worms
  3 dart slugs
  6 orcs
  3 bats (D:2)
  5 endoplasms
  2 giant cockroaches
  A gnoll zombie (Ossuary)
  8 goblins
  5 hobgoblins
  11 jackals
  3 quokkas
  8 ball pythons
  2 frilled lizards
  3 goblin zombies (Ossuary)
  3 hobgoblin zombies (Ossuary)
  6 jackal zombies (Ossuary)
  8 kobolds
  4 kobold zombies (Ossuary)
  An orc zombie (Ossuary)
  A quokka zombie (Ossuary)
  29 rats
  4 rat zombies (Ossuary)
151 creatures vanquished.

Vanquished Creatures (others)
  12 fulminant prisms
12 creatures vanquished.

Grand Total: 163 creatures vanquished

Notes
Turn   | Place    | Note
-------+----------+-------------------------------------------
     0 | D:1      | Grim the Deep Elf Conjurer began the quest for the Orb.
     0 | D:1      | Reached XP level 1. HP: 10/10 MP: 6/6
   208 | D:1      | Reached XP level 2. HP: 15/15 MP: 4/8
   252 | D:1      | Reached skill level 5 in Conjurations
   344 | D:1      | Learned a level 2 spell: Searing Ray
   916 | D:2      | Reached XP level 3. HP: 19/19 MP: 6/9
  1683 | D:2      | Reached skill level 6 in Conjurations
  1961 | D:2      | Found a blossoming altar of Fedhas.
  1973 | D:2      | Reached XP level 4. HP: 24/24 MP: 4/10
  2872 | D:3      | Found a stormy altar of Qazlal.
  3071 | D:3      | Found a faded altar of an unknown god.
  3156 | D:3      | Found a hazy altar of Hepliaklqana.
  3162 | D:3      | Found an opulent altar of Gozag.
  3367 | D:3      | Reached skill level 7 in Conjurations
  3367 | D:3      | Reached XP level 5. HP: 28/28 MP: 8/11
  3372 | D:3      | Learned a level 4 spell: Fulminant Prism
  3485 | D:3      | Reached skill level 1 in Hexes
  4226 | D:4      | Reached XP level 6. HP: 18/32 MP: 5/12
  4281 | D:4      | Found a sand-covered staircase.
  4296 | Ossuary  | Entered an ossuary
  4892 | Ossuary  | Reached skill level 5 in Hexes
  5097 | Ossuary  | Reached XP level 7. HP: 27/36 MP: 4/13
  5162 | Ossuary  | Reached skill level 8 in Conjurations
  5777 | D:4      | Noticed Duvessa
  5784 | D:4      | Learned a level 3 spell: Dazzling Flash
  5786 | D:4      | Noticed Dowan
  5792 | D:4      | Killed Dowan
  5851 | D:4      | Mangled by Duvessa

Illustrated notes

Levels and vault maps discovered:
D:1:      dpeg_arrival_ratfight, layout_rooms, serial_aquarium,
          aquarium_bridge_square [aquarium_subvault_wall,
          aquarium_subvault_bridge, aquarium_subvault_bridge,
          aquarium_subvault_wall], aquarium_bridge_square
          [aquarium_subvault_bridge, aquarium_subvault_bridge,
          aquarium_subvault_bridge, aquarium_subvault_wall],
          aquarium_window_fake, aquarium_window_fake, aquarium_view_4,
          aquarium_view_2d, aquarium_pool_2
D:2:      minmay_angry_zag, layout_basic, basic_altar, minmay_indecisive_spiral
D:3:      layout_rooms, mainiacjoe_overflow_large_starburst,
          mainiacjoe_overflow_concentric_impassable,
          ebering_ecumenical_altar_hall, minmay_rat_hole
D:4:      layout_cave_pools, nicolae_ossuary_entry_catacombs,
          nicolae_concentric_dashed_squares_wild, uniq_menkaure, uniq_duvessa,
          uniq_blork_the_orc, uniq_robin

Skill      XL: |  1  2  3  4  5  6  7 |
---------------+----------------------+-----
Conjurations   | 5 6 7 8 |  8.5
Hexes          | 3 5 7 |  7.9
Dodging        | |  2.5
Stealth        | |  2.4
Spellcasting   | |  3.0

Action                   |  1- 3 |  4- 6 |  7- 9 || total
-------------------------+-------+-------+-------++-------
Melee: Hand axe          |       |    14 |       ||    14
       Short sword       |       |    65 |    26 ||    91
       Punch             |       |     1 |       ||     1
 Cast: Magic Dart        |    79 |   148 |    13 ||   240
       Searing Ray       |     4 |    12 |    10 ||    26
       Fulminant Prism   |       |     5 |     7 ||    12
       Dazzling Flash    |       |       |     1 ||     1
  Use: Potion            |       |     1 |     2 ||     3
       Scroll            |       |     1 |       ||     1
 Stab: Sleeping          |       |     2 |     2 ||     4
       Distracted        |       |       |     1 ||     1
Armor: Robe              |     4 |    61 |    19 ||    84
Dodge: Dodged            |     5 |    97 |    23 ||   125

Table legend: (Time is in decaauts)
 A = Elapsed time spent in this place.
 B = Non-inter-level travel time spent in this place.
 C = Inter-level travel time spent in this place.
 D = Time resting spent in this place.
 E = Time spent auto-exploring this place.
 F = Levels seen in this place.
 G = Mean time per level.
                   A        B        C        D        E       F      G
               +--------+--------+--------+--------+--------+-----+--------+
         Total |   5784 |   5724 |     60 |   2536 |   2080 |   5 | 1156.8 |
       Dungeon |   4785 |   4725 |     60 |   1981 |   2056 |   4 | 1196.2 |
       Ossuary |    998 |    998 |      0 |    555 |     24 |   1 |  998.0 |
               +--------+--------+--------+--------+--------+-----+--------+

Top non-repeatable levels by time:
     D:2: 1873 daAuts
     D:3: 1403 daAuts
 Ossuary: 998 daAuts
     D:1: 888 daAuts
     D:4: 621 daAuts
